 Dungeon Crawl Stone Soup version 0.31-a0-924-ge39a22a033 (webtiles) character file.

Game seed: 10021348687174522969

70696 Kelnin the Severer (level 14, -1/126 (136) HPs)
             Began as a Minotaur Fighter on Oct 18, 2023.
             Was an Elder of Wu Jian.
             Slain by a ghostly deep elf blademaster
             ... wielding a +0 rapier
              (8 damage)
             ... on level 2 of the Elven Halls.
             The game lasted 00:54:29 (14433 turns).

Kelnin the Severer (Minotaur Fighter)              Turns: 14433, Time: 00:54:30

HP:   -1/126 (136)  AC: 23    Str: 31    XL:     14   Next: 95%
MP:   13/13         EV:  9    Int:  5    God:    Wu Jian [****..]
Gold: 748           SH: 20    Dex: 11    Spells: 13/13 levels left

rFire   + . .        x - +7 broad axe "Sath" {protect, Str+3}
rCold   . . .        g - +2 tower shield
rNeg    + . .        d - +3 plate armour {rF+}
rPois   .            (helmet restricted)
rElec   +            s - scarf of Discretion {shadows, rElec Will+ Str+3}
rCorr   .            E - +0 pair of gloves
SInv    +            u - +1 pair of boots
Will    ++...        b - amulet of regeneration Stlth
                     m - ring of positive energy
HPRegen 1.21/turn    c - ring of see invisible
MPRegen 0.13/turn

%: no passive effects
@: about to teleport, drained
A: horns 2, retaliatory headbutt, screaming 1
a: Renounce Religion, Wall Jump, Serpent's Lash


You were on level 2 of the Elven Halls.
You worshipped Wu Jian.
Wu Jian was greatly pleased with you.
You visited 4 branches of the dungeon, and saw 15 of its levels.
You visited the Abyss 1 time.

You collected 1378 gold pieces.
You spent 630 gold pieces at shops.

Inventory:

Hand Weapons
 a - a +0 war axe
 p - a +8 dire flail of protection
 t - a +0 executioner's axe of flaming
 x - the +7 broad axe "Sath" (weapon) {protect, Str+3}
   (You found it on level 5 of the Dungeon)

   Str+3:     It affects your strength (+3).
Missiles
 z - 4 throwing nets
Armour
 d - a +3 plate armour of fire resistance (worn)
 g - a +2 tower shield (worn)
 j - a +0 cloak of willpower
 q - a scarf of shadows
 s - the scarf of Discretion (worn) {shadows, rElec Will+ Str+3}
   (You acquired it on level 2 of the Elven Halls)

   Str+3:     It affects your strength (+3).
   rElec:     It insulates you from electricity.
   Will+:     It increases your willpower.
 u - a +1 pair of boots (worn)
 E - a +0 pair of gloves (worn)
Jewellery
 b - an amulet of regeneration (around neck)
 c - a ring of see invisible (right hand)
 m - a ring of positive energy (left hand)
 n - a ring of fire
 y - a ring of flight
 A - a +6 ring of strength
Wands
 k - a wand of quicksilver (4)
 o - a wand of polymorph (3)
 B - a wand of mindburst (12) (quivered)
 C - a wand of charming (13)
 J - a wand of flame (9)
Scrolls
 h - 2 scrolls of revelation
 i - 6 scrolls of teleportation
 l - 2 scrolls of torment
 r - 4 scrolls of enchant weapon
 F - 6 scrolls of identify
Potions
 e - 2 potions of cancellation
 f - 2 potions of attraction
 w - a potion of brilliance


   Skills:
 * Level 15.8 Fighting
 * Level 18.3(18.4) Axes
 - Level 2.0(12.2) Polearms
 * Level 14.3 Armour
 - Level 4.8 Dodging
 - Level 1.1 Stealth
 * Level 14.8 Shields
 - Level 1.4 Evocations


You had 13 spell levels left.
You didn't know any spells.
Your spell library contained the following spells:

 Spells                   Type           Power      Damage    Failure   Level
 Magic Dart               Conj           0%         1d3       99%         1
 Sting                    Tmut/Pois      0%         1d3       99%         1
 Poisonous Vapours        Pois/Air       0%         N/A       100%        2
 Dazzling Flash           Conj/Hex       0%         N/A       100%        3
 Ozocubu's Armour         Ice            0%         N/A       100%        3
 Stone Arrow              Conj/Erth      0%         3d7       100%        3
 Animate Armour           Summ/Erth      0%         N/A       100%        4
 Olgreb's Toxic Radiance  Pois           0%         N/A       100%        4
 Agony                    Necr           0%         N/A       100%        5
 Silence                  Hex/Air        0%         N/A       100%        5
 Starburst                Conj/Fire      0%         6d3       100%        6
 Ozocubu's Refrigeration  Ice            0%         4d7       100%        7
 Lehudib's Crystal Spear  Conj/Erth      0%         10d2      100%        8
 Chain Lightning          Conj/Air       0%         N/A       100%        9


Dungeon Overview and Level Annotations

Branches:
Dungeon (9/15)             Temple (1/1) D:4             Orc (2/2) D:9
    Elf (3/3) Orc:2
   Lair: D:8-11

Altars:
Ashenzari
Cheibriados
Dithmenos
Elyvilon
Fedhas
Gozag
Hepliaklqana
Kikubaaqudgha
Makhleb
Nemelex Xobeh
Okawaru
Qazlal
Ru
Sif Muna
Trog
Uskayaw
Vehumet
Wu Jian
Xom
Yredelemnul
Zin
The Shining One

Shops:
D:5 (   Orc:2 [=*(   Elf:1 (:**


Innate Abilities, Weirdness & Mutations

You have a pair of horns on your head.
You reflexively headbutt those who attack you in melee.
You occasionally shout uncontrollably at your foes.


Message History

The ghostly deep elf blademaster is moderately damaged.
The ghostly deep elf blademaster hits you with a +0 rapier.
You block the ghostly deep elf blademaster's attack.
You miss the ghostly deep elf blademaster.
Your headbutt misses the ghostly deep elf blademaster.
The ghostly deep elf blademaster is moderately damaged.
You block the ghostly deep elf blademaster's attack.
The ghostly deep elf blademaster hits you with a +0 rapier!
* * * LOW HITPOINT WARNING * * *
You completely miss the ghostly deep elf blademaster.
The ghostly deep elf blademaster is moderately damaged.
The ghostly deep elf blademaster hits you but does no damage.
You block the ghostly deep elf blademaster's attack.
The ghostly deep elf blademaster hits you but does no damage.
The ghostly deep elf blademaster hits you with a +0 rapier.
* * * LOW HITPOINT WARNING * * *
As you read the scroll of teleportation, it crumbles to dust.
You feel strangely unstable.
You block the ghostly deep elf blademaster's attack.
The ghostly deep elf blademaster completely misses you.
You barely miss the ghostly deep elf blademaster.
Your headbutt misses the ghostly deep elf blademaster.
The ghostly deep elf blademaster is lightly damaged.
The ghostly deep elf blademaster hits you with a +0 rapier!
* * * LOW HITPOINT WARNING * * *
The ghostly deep elf blademaster hits you but does no damage.
You miss the ghostly deep elf blademaster.
Your headbutt misses the ghostly deep elf blademaster.
The ghostly deep elf blademaster is lightly damaged.
The ghostly deep elf blademaster hits you but does no damage.
The ghostly deep elf blademaster hits you with a +0 rapier!!
* * * LOW HITPOINT WARNING * * *
You spin and attack the ghostly deep elf blademaster.
You closely miss the ghostly deep elf blademaster.
Your headbutt misses the ghostly deep elf blademaster.
The ghostly deep elf blademaster is lightly damaged.
The ghostly deep elf blademaster barely misses you.
The ghostly deep elf blademaster hits you but does no damage.
The ghostly deep elf blademaster hits you with a +0 rapier!
You die...

##### ###########
....###.........##
.....#...........##
........).........#
................@.#
)..............e>##
......#.........##
......##..[....##
......###.....##
......# ###'###
....).#####.##
......+......#
......#####..#


You could see a ghostly deep elf blademaster.

Vanquished Creatures
  A deep elf blademaster (Elf:2)
  2 tentacled starspawn (Abyss:3)
  An orc warlord (Orc:2)
  A cacodemon (Abyss:3)
  A very ugly thing (Abyss:3)
  A deep elf annihilator (Elf:1)
  Snorg (Orc:2)
  A deep elf high priest (Elf:3)
  A deep elf death mage (Elf:3)
  3 two-headed ogres
  20 dancing weapons
  A hell hog (Abyss:3)
  A thrashing horror (Abyss:3)
  An orc high priest (Orc:2)
  11 deep elf knights
  2 wretched stars (Abyss:3)
  2 sixfirhies (Abyss:3)
  A flayed ghost (Abyss:3)
  3 deep elf archers
  4 orc knights (Orc:2)
  2 orc sorcerers (Orc:2)
  18 deep elf zephyrmancers
  19 deep elf pyromancers
  A cyclops (Orc:1)
  2 kobold demonologists
  An efreet (Abyss:3)
  2 trolls
  A meliai (shapeshifter) (Elf:1)
  Grinder (D:3)
  4 raiju (Abyss:3)
  4 slime creatures (D:8)
  An air elemental (Elf:3)
  A shadow (D:9)
  A fire elemental (Elf:1)
  A wyvern (D:9)
  5 yaks (D:8)
  A steam dragon (D:6)
  A warg (Orc:1)
  An acid dragon (D:8)
  4 large abominations (Abyss:3)
  2 water moccasins
  20 orc warriors
  2 ogres
  4 centaurs
  5 kobold brigands
  3 bullfrogs
  An earth elemental (Elf:2)
  3 scorpions (D:6)
  A gnoll sergeant (D:9)
  11 wights
  14 killer bees
  3 howler monkeys
  A hound (D:6)
  15 orc priests
  Crazy Yiuf (D:6)
  3 jellies
  A sleepcap (D:5)
  4 iguanas
  15 orc wizards
  15 gnolls
  10 adders
  3 shadow imps (D:6)
  A white imp (D:6)
  4 worms
  A dart slug (D:3)
  49 orcs
  9 endoplasms
  5 giant cockroaches (D:1)
  9 hobgoblins
  6 quokkas
  8 ball pythons
  10 bats
  6 frilled lizards
  7 goblins
  16 kobolds
  A rat (D:2)
399 creatures vanquished.

Vanquished Creatures (others)
  A deep elf archer (Elf:3)
  A small abomination (Abyss:3)
  7 starspawn tentacles (Abyss:3)
9 creatures vanquished.

Grand Total: 408 creatures vanquished

Notes
Turn   | Place    | Note
-------+----------+-------------------------------------------
     0 | D:1      | Kelnin the Minotaur Fighter began the quest for the Orb.
     0 | D:1      | Reached XP level 1. HP: 19/19 MP: 0/0
   181 | D:1      | Reached XP level 2. HP: 27/27 MP: 1/1
   442 | D:1      | Reached skill level 3 in Axes
   461 | D:1      | Reached XP level 3. HP: 33/33 MP: 2/2
  1498 | D:3      | Reached XP level 4. HP: 29/40 MP: 3/3
  1661 | D:3      | Reached skill level 1 in Polearms
  1849 | D:3      | Noticed Grinder
  1862 | D:3      | Paralysed by Grinder for 3 turns
  1872 | D:3      | Killed Grinder
  1873 | D:3      | Reached skill level 5 in Fighting
  1873 | D:3      | Reached skill level 4 in Axes
  1873 | D:3      | Reached skill level 5 in Armour
  1873 | D:3      | Reached XP level 5. HP: 30/48 MP: 4/4
  1873 | D:3      | Reached XP level 6. HP: 36/56 MP: 5/5
  2407 | D:4      | Found a staircase to the Ecumenical Temple.
  2423 | Temple   | Entered the Ecumenical Temple
  2632 | Temple   | Became a worshipper of the Wu Jian Council
  2913 | D:4      | Found a hide-covered altar of Uskayaw.
  2943 | D:4      | Found a sacrificial altar of Ru.
  3173 | D:5      | Entered Level 5 of the Dungeon
  3176 | D:5      | Identified the +7 broad axe "Sath" {protect, Str+3}
  3203 | D:5      | Identified the staff of the Enfolding Gods {rElec rF+ Air}
  3337 | D:5      | Reached skill level 5 in Axes
  3530 | D:5      | Reached * piety under Wu Jian
  3536 | D:5      | Reached skill level 5 in Shields
  3536 | D:5      | Reached XP level 7. HP: 58/62 MP: 6/6
  3886 | D:5      | Noticed a two-headed ogre
  3893 | D:5      | Killed a two-headed ogre
  3894 | D:5      | Reached skill level 7 in Axes
  3894 | D:5      | Reached skill level 1 in Dodging
  3894 | D:5      | Reached XP level 8. HP: 48/71 MP: 7/7
  4181 | D:5      | Found Soidus's Antique Weapon Boutique.
  4405 | D:6      | Reached skill level 8 in Axes
  4443 | D:6      | Reached ** piety under Wu Jian
  4579 | D:6      | Reached XP level 9. HP: 74/79 MP: 8/8
  4632 | D:6      | Reached skill level 9 in Axes
  5177 | D:6      | Found a runed translucent door.
  5178 | D:6      | Noticed Crazy Yiuf
  5185 | D:6      | Killed Crazy Yiuf
  5657 | D:6      | Reached skill level 10 in Axes
  5705 | D:7      | Reached *** piety under Wu Jian
  6432 | D:8      | Noticed a troll
  6443 | D:8      | Killed a troll
  6549 | D:8      | Killed a large slime creature
  6550 | D:8      | Reached skill level 11 in Axes
  6550 | D:8      | Reached XP level 10. HP: 61/91 MP: 9/9
  6967 | D:8      | Noticed a two-headed ogre
  6978 | D:8      | Killed a two-headed ogre
  7661 | D:9      | Reached skill level 12 in Axes
  7829 | D:9      | Reached skill level 10 in Fighting
  7911 | D:9      | Reached **** piety under Wu Jian
  8439 | D:9      | Reached skill level 10 in Shields
  8439 | D:9      | Reached XP level 11. HP: 104/104 MP: 10/10
  8934 | D:9      | Found a staircase to the Orcish Mines.
  9024 | D:9      | Noticed a two-headed ogre
  9033 | D:9      | Killed a two-headed ogre
  9038 | D:9      | Reached XP level 12. HP: 83/112 MP: 11/11
  9411 | Gauntlet | Identified the "Vaukkiy"
  9411 | Orc:1    | Entered Level 1 of the Orcish Mines
  9715 | Orc:2    | Entered Level 2 of the Orcish Mines
  9847 | Orc:2    | Reached skill level 13 in Axes
 10105 | Orc:2    | Noticed Snorg
 10105 | Orc:2    | Paralysed by an orc sorcerer for 3 turns
 10113 | Orc:2    | Killed Snorg
 10118 | Orc:2    | Reached skill level 1 in Stealth
 10131 | Orc:2    | Noticed an orc high priest
 10150 | Orc:2    | Killed an orc high priest
 10150 | Orc:2    | Reached ***** piety under Wu Jian
 10222 | Orc:2    | Noticed an orc warlord
 10273 | Orc:2    | Killed an orc warlord
 10564 | Orc:2    | Reached skill level 1 in Evocations
 10567 | Orc:2    | Reached skill level 14 in Axes
 10835 | Orc:2    | Found Maul's Antique Weapon Emporium.
 10927 | Orc:2    | Found a staircase to the Elven Halls.
 11046 | Orc:2    | Found Loetotte's Jewellery Emporium.
 11063 | Orc:2    | Bought an amulet of regeneration for 420 gold pieces
 11063 | Orc:2    | Bought a ring of see invisible for 210 gold pieces
 11078 | Orc:2    | Found Xyaneul's Antique Armour Emporium.
 11094 | Orc:2    | Found Gatufyh's General Store.
 11281 | Desolati | Identified the "Jurucey"
 11281 | Elf:1    | Identified the "Anoecoec"
 11281 | Elf:1    | Entered Level 1 of the Elven Halls
 11365 | Elf:1    | Found Tates's General Store.
 11367 | Elf:1    | Found Asho's General Store.
 11367 | Elf:1    | Found Voffecun's Antique Weapon Shop.
 11370 | Elf:1    | Found Anockaen's Book Shop.
 11632 | Elf:1    | Reached XP level 13. HP: 106/122 MP: 12/12
 11636 | Elf:1    | Noticed a deep elf annihilator
 11644 | Elf:1    | Reached skill level 15 in Axes
 11671 | Elf:1    | Killed a deep elf annihilator
 12029 | Elf:2    | Found a runed translucent gate.
 12031 | Elf:2    | Found a runed translucent gate.
 12032 | Elf:2    | Found a runed translucent gate.
 12077 | Elf:2    | Reached skill level 16 in Axes
 12600 | Elf:2    | Identified a scroll of acquirement
 12811 | Elf:2    | Reached skill level 17 in Axes
 12836 | Elf:2    | Noticed a deep elf blademaster
 12908 | Elf:2    | Reached XP level 14. HP: 124/133 MP: 13/13
 12908 | Elf:2    | Acquired the scarf of Discretion {shadows, rElec Will+
                  | Str+3}
 12964 | Elf:2    | Reached skill level 15 in Fighting
 13173 | Abyss:3  | Cast into level 3 of the Abyss (+2 bardiche of distortion)
 13226 | Abyss:3  | Noticed a cacodemon
 13256 | Abyss:3  | Noticed a tentacled starspawn
 13258 | Abyss:3  | Gained mutation: You occasionally shout uncontrollably at
                  | your foes. [a cacodemon]
 13275 | Abyss:3  | Killed a tentacled starspawn
 13305 | Abyss:3  | Noticed a tentacled starspawn
 13305 | Abyss:3  | Killed a cacodemon
 13307 | Abyss:3  | Killed a tentacled starspawn
 13385 | Abyss:3  | Noticed a cyan very ugly thing
 13395 | Abyss:3  | Killed a cyan very ugly thing
 13414 | Elf:2    | Escaped the Abyss
 13536 | Elf:2    | Killed a deep elf blademaster
 13537 | Elf:2    | Reached skill level 18 in Axes
 13892 | Elf:3    | Entered Level 3 of the Elven Halls
 13892 | Elf:3    | Noticed a deep elf sorcerer
 13894 | Elf:3    | Noticed a deep elf blademaster
 14355 | Elf:3    | Paralysed by an air elemental for 1 turns
 14403 | Elf:3    | Killed a deep elf blademaster
 14432 | Elf:2    | HP: 5/126 [ghostly deep elf blademaster/+0 rapier (18)]
 14433 | Elf:2    | Slain by a ghostly deep elf blademaster

Illustrated notes

Levels and vault maps discovered:
D:1:      minmay_arrival_semitransparent, layout_basic, hangedman_decor_points
D:2:      layout_basic, dreamdust_mushroom_princess
D:3:      layout_basic, kennysheep_generic_room_6, uniq_grinder
D:4:      layout_cave_pools, mainiacjoe_overflow_two_lobes,
          minmay_temple_entry_statues_pillars
D:5:      minmay_razor_zed, layout_basic, serial_shops,
          nicolae_shop_overgrown_old_shop, minmay_misc_feat_x
D:6:      minmay_thinvault, layout_basic, nicolae_twisty_statue_hallways,
          uniq_crazy_yiuf_cottage
D:7:      layout_rooms
D:8:      layout_gridville
D:9:      layout_irregular_city, orc_0_dummy, st_stairs_9, blue_anna_alchemist
Temple:   mainiacjoe_temple_big_plus
Orc:1:    layout_diamond_mine, nicolae_orc_crystal_geode
Orc:2:    grunt_orc_cross, layout_caves, basic_altar, minmay_orc_temple_a,
          uniq_snorg
Elf:1:    layout_rooms, minmay_elf_annihilation, grunt_megastairs_5,
          minmay_shoptagon
Elf:2:    elven_hall_of_blades_hangedman_original
          [nicolae_blade_entry_antechamber], layout_gridlike,
          nicolae_elf_m_pinch
Elf:3:    elf_hall_gauntlet_wide, layout_loops_ring

Skill      XL: |  1  2  3  4  5  6  7  8  9 10 11 12 13 14 |
---------------+-------------------------------------------+-----
Armour         | 4 5 6 7 8 11 12 14 | 14.3
Fighting       | 4 5 6 7 9 11 13 14 15 | 15.8
Axes           | 3 4 5 7 8 11 12 14 17 18 | 18.3
Shields        | 4 5 6 7 10 12 13 14 | 14.8
Polearms       | 2 |  2.0
Dodging        | 1 2 3 4 |  4.8
Stealth        | 1 |  1.1
Evocations     | 1 |  1.4

Action                     |  1- 3 |  4- 6 |  7- 9 | 10-12 | 13-15 || total
---------------------------+-------+-------+-------+-------+-------++-------
  Melee: War axe           |   106 |    80 |       |       |       ||   186
         Headbutt          |    11 |     8 |    32 |    63 |    73 ||   187
         Broad axe         |       |    18 |   180 |   321 |   475 ||   994
 Invoke: Serpent's Lash    |       |       |     1 |     1 |     2 ||     4
         Heavenly Storm    |       |       |       |       |     2 ||     2
Ability: Lunge             |       |     3 |    11 |    19 |    19 ||    52
         Whirlwind         |       |       |     5 |    13 |    23 ||    41
  Evoke: Wand              |       |       |     5 |    12 |     3 ||    20
    Use: Scroll            |       |     4 |     7 |     9 |     7 ||    27
         Potion            |       |       |     4 |    12 |     1 ||    17
   Stab: Distracted        |       |       |       |       |     1 ||     1
 Armour: Scale mail        |    88 |    80 |   155 |     3 |       ||   326
         Acid dragon scale |       |       |       |   128 |       ||   128
         Plate armour      |       |       |       |    69 |   340 ||   409
         Skin              |       |       |       |     4 |       ||     4
  Dodge: Dodged            |    53 |    51 |    79 |   145 |    72 ||   400
  Block: Buckler           |    27 |    30 |    51 |    60 |       ||   168
         Tower shield      |       |       |       |    50 |   349 ||   399

Table legend: (Time is in decaauts)
 A = Elapsed time spent in this place.
 B = Non-inter-level travel time spent in this place.
 C = Inter-level travel time spent in this place.
 D = Time resting spent in this place.
 E = Time spent auto-exploring this place.
 F = Levels seen in this place.
 G = Mean time per level.
                   A        B        C        D        E       F      G
               +--------+--------+--------+--------+--------+-----+--------+
         Total |  14490 |  14471 |     19 |   3248 |   6340 |  16 |  905.6 |
       Dungeon |   9242 |   9238 |      4 |   1968 |   4990 |   9 | 1026.9 |
        Temple |    243 |    243 |      0 |      0 |      0 |   1 |  243.0 |
  Orcish Mines |   1867 |   1863 |      4 |    697 |    472 |   2 |  933.5 |
   Elven Halls |   2878 |   2867 |     11 |    498 |    878 |   3 |  959.3 |
         Abyss |    257 |    257 |      0 |     85 |      0 |   1 |  257.0 |
               +--------+--------+--------+--------+--------+-----+--------+

Top non-repeatable levels by time:
     D:9: 1887 daAuts
   Elf:2: 1802 daAuts
   Orc:2: 1563 daAuts
     D:6: 1341 daAuts
     D:5: 1155 daAuts
     D:8: 1117 daAuts
     D:3: 834 daAuts
     D:2: 821 daAuts
     D:7: 748 daAuts
     D:1: 700 daAuts
   Elf:1: 670 daAuts
     D:4: 637 daAuts
   Elf:3: 405 daAuts
   Orc:1: 303 daAuts
 Abyss:3: 257 daAuts
